Login

Charlotte Checkers vs Providence Bruins

Created - 08 April 2024 at 23:08

Goals
1 2 3 OT1 SO T
Charlotte Checkers 1 0 2 0 1 4
Providence Bruins 0 2 1 0 0 3
Shots
1 2 3 OT1 SO T
Charlotte Checkers 8 13 13 0 3 34
Providence Bruins 11 18 15 1 3 45

GoalsPenalties
1st period
1. Charlotte Checkers , Jonah Gadjovich 14 (Aleksi Heponiemi 11) at 17:42
2nd period
2. Providence Bruins , Anthony Richard 11 (Luke Toporowski 7, Fabian Lysell 4) at 10:45
3. Providence Bruins , Ian Mitchell 2 (Buddy Robinson 10) at 16:23 (PP)
Fabian Lysell (PRO) for Tripping (Minor) at 4:47
Joseph Cramarossa (CHA) for Tripping (Minor) at 15:41
Jakub Lauko (PRO) for Cross-checking (Minor) at 17:27
3rd period
4. Providence Bruins , Jakub Lauko 15 (Buddy Robinson 11) at 3:22
5. Charlotte Checkers , Rocco Grimaldi 6 (Riley Barber 4) at 12:07
6. Charlotte Checkers , Austin Strand 3 (Matt Kiersted 9, Aleksi Heponiemi 12) at 13:53 (PP)
Jakub Lauko (PRO) for Tripping (Minor) at 12:33
Overtime #1
No Goal
Shootout
Charlotte Checkers, Logan Hutsko - Shot Misses the Net
Providence Bruins, Buddy Robinson - Stopped by Spencer Knight
Charlotte Checkers, Jonah Gadjovich - Stopped by Brandon Bussi
Providence Bruins, Jakub Lauko - Stopped by Spencer Knight
Charlotte Checkers, Zac Dalpe - Goal!
Providence Bruins, Anthony Richard - Shot Misses the Net
Goalie Stats
Spencer Knight (CHA), 42 saves from 45 shots - (0.933), W, 9-3-0, 65:00 minutes
Brandon Bussi (PRO), 31 saves from 34 shots - (0.912), OTL, 5-0-1, 65:00 minutes
3 StarsOfficial
1 - Jonah Gadjovich (CHA)
2 - Buddy Robinson (PRO)
3 - Spencer Knight (CHA)
Referees : Shaun Davis and Chris Schlenker
Linesman : Scott Driscoll and Steven Berry
Game Note
No Game Note
Finance
Level 1 -- Attendance: 1881 (94.05%) -- Ticket Income $65,835
Level 2 -- Attendance: 1000 (100.00%) -- Ticket Income $15,000
Total Attendance: 2881 (96.03%)
Total Ticket Income: $80,835
Other Income: $39,609
Total Income: $120,444



Team Name Goals Shots Shots Attemp Shots Blocked PIM HIT PP PK FO%
Charlotte Checkers 43469152201 / 3 (33%)151%
Providence Bruins 34585126201 / 1 (100%)149%

Charlotte Checkers
Player Name POS G A P +/- PIM HIT SHT SB MP PP MP PP SHT PK MP PK SHT FO% FOT GA TA
Aleksi HeponiemiC0221005020:022:1200:00054% 2620
Alexander TrueC0001010011:490:0000:0000% 101
Austin StrandD1010013023:423:2820:3500% 001
Casey FitzgeraldD0000011116:250:0000:0000% 000
Frederic AllardD0000001020:591:5000:0700% 002
Jonah GadjovichLW1011034226:523:0610:42055% 1103
Joona LuotoLW0001020222:043:0600:0000% 100
Joseph CramarossaC000-2225220:232:1210:0000% 103
Justin SourdifC000000000:000:0000:0000% 000
Logan HutskoC000000108:370:0000:00050% 410
Lucas CarlssonD0000034022:121:5000:3500% 012
Matt KierstedD0110001123:053:2800:0700% 010
Patrick GilesLW000002007:440:0000:0000% 000
Riley BarberLW0111031012:510:0000:0000% 200
Rocco GrimaldiRW1011014113:370:0000:0000% 000
Santtu KinnunenD0000000218:440:0000:0000% 010
William LockwoodRW000-2012121:292:1200:00050% 211
Zac DalpeC000-2002323:423:0600:42059% 1700
Providence Bruins
Player Name POS G A P +/- PIM HIT SHT SB MP PP MP PP SHT PK MP PK SHT FO% FOT GA TA
Anthony RichardC101-1065018:060:0000:23067% 1511
Brett HarrisonC000000007:130:0000:140100% 100
Buddy RobinsonRW0221041022:230:4200:0000% 100
Curtis HallC0000000010:530:0000:2300% 000
Dan RenoufD0002000020:300:0001:5700% 001
Egor SokolovLW0001014025:280:4202:5900% 112
Fabian LysellRW011-1205016:130:0000:0000% 010
Ian MitchellD101-1005328:440:4213:2100% 021
Jakub LaukoC1011428023:540:4211:07041% 3220
Jakub ZborilD000-1011422:450:4200:0000% 021
Jayson MegnaC0000004014:330:0002:01060% 1000
John BeecherC000001108:570:0001:2400% 100
Lassi ThomsonD000-1021418:390:0003:2100% 011
Luke ToporowskiLW011-1012017:590:0002:0500% 000
Marc McLaughlinC0000020111:330:0000:0000% 110
Oskar SteenC000000408:010:0000:00067% 310
Parker WotherspoonD0002004021:030:0001:5700% 010
Reilly WalshD000-1000012:450:0000:0000% 000

Charlotte Checkers

5 vs 5 Forward
Line #Left WingCenterRight WingPHYDFOFWanted %Time %Time Play
1Jonah GadjovichAleksi HeponiemiJoona Luoto1223533%17:47
2William LockwoodZac DalpeJoseph Cramarossa1223535%19:09
3Rocco GrimaldiRiley BarberAlexander True1222022%11:49
4Patrick GilesLogan HutskoJonah Gadjovich1221010%5:15
5 vs 5 Defense
Line #DefenseDefensePHYDFOFWanted %Time %Time Play
1Austin StrandMatt Kiersted1223535%18:40
2Lucas CarlssonFrederic Allard1223535%19:02
3Santtu KinnunenCasey Fitzgerald1223030%16:18
4Austin StrandLucas Carlsson12200%0:00
Power Play Forward
Line #Left WingCenterRight WingPHYDFOFWanted %Time %Time Play
1Joona LuotoJonah GadjovichZac Dalpe1226058%3:06
2William LockwoodAleksi HeponiemiJoseph Cramarossa1224042%2:12
Power Play Defense
Line #DefenseDefensePHYDFOFWanted %Time %Time Play
1Austin StrandMatt Kiersted1226065%3:28
2Frederic AllardLucas Carlsson1224035%1:50
Penalty Kill 4 Players Forward
Line #CenterWingPHYDFOFWanted %Time %Time Play
1Jonah GadjovichZac Dalpe12260100%0:42
2Joona LuotoRocco Grimaldi122400%0:00
Penalty Kill 4 Players Defense
Line #DefenseDefensePHYDFOFWanted %Time %Time Play
1Austin StrandLucas Carlsson1226083%0:35
2Matt KierstedFrederic Allard1224017%0:07
Penalty Kill 3 Players
Line #WingPHYDFOFWanted %Time %Time PlayDefenseDefensePHYDFOFWanted %Time %Time Play
1Jonah Gadjovich122600%0:00 Austin StrandLucas Carlsson122600%0:00
2Alexander True122400%0:00 Frederic AllardMatt Kiersted122400%0:00
4 vs 4 Forward
Line #CenterWingPHYDFOFWanted %Time %Time Play
1Joona LuotoAleksi Heponiemi122600%0:00
2Zac DalpeRiley Barber122400%0:00
4 vs 4 Defense
Line #DefensePHYDFOFWanted %Time %Time Play
1Matt KierstedAustin Strand122600%0:00
2Santtu KinnunenLucas Carlsson122400%0:00
Last Minutes Offensive
Left WingCenterRight WingDefenseDefense
Joona LuotoJonah GadjovichZac DalpeAustin StrandLucas Carlsson
Last Minutes Defensive
Left WingCenterRight WingDefenseDefense
Joona LuotoJonah GadjovichZac DalpeAustin StrandMatt Kiersted
Time
Total ForwardTotal DefenseLast Minutes OffensiveLast Minutes Defensive
60:00 60:00 0:000:00
Extra Forwards
Normal PowerPlayPenalty Kill
Logan Hutsko, Jonah Gadjovich, Zac DalpeJoona Luoto, Aleksi HeponiemiPatrick Giles
Extra Defensemen
Normal PowerPlayPenalty Kill
Santtu Kinnunen, Austin Strand, Lucas CarlssonMatt Kiersted, Frederic AllardAustin Strand
Penalty Shots
Logan Hutsko, Jonah Gadjovich, Zac Dalpe, Joona Luoto, Aleksi Heponiemi
Goalie
Spencer Knight, Cayden Primeau
Custom OT Lines Forwards
Patrick Giles, Logan Hutsko, Jonah Gadjovich, Zac Dalpe, Joona Luoto, William Lockwood, Aleksi Heponiemi, Joseph Cramarossa, Riley Barber, Rocco Grimaldi
Custom OT Lines Defensemen
Santtu Kinnunen, Austin Strand, Lucas Carlsson, Matt Kiersted, Frederic Allard
Scratches
Josh Davies (Healthy), Ryan McAllister (Healthy), Mackie Samoskevich (Healthy), Calle Sjalin (Healthy), Zach Uens (Healthy) Mack Guzda (Healthy)

Providence Bruins

5 vs 5 Forward
Line #Left WingCenterRight WingPHYDFOFWanted %Time %Time Play
1Egor SokolovJakub LaukoBuddy Robinson0324038%20:34
2Luke ToporowskiAnthony RichardFabian Lysell1223031%16:59
3Marc McLaughlinJayson MegnaCurtis Hall1222019%10:07
4John BeecherOskar SteenBrett Harrison1221012%6:20
5 vs 5 Defense
Line #DefenseDefensePHYDFOFWanted %Time %Time Play
1Ian MitchellJakub Zboril1224038%20:23
2Dan RenoufParker Wotherspoon1223034%18:33
3Lassi ThomsonReilly Walsh1222024%12:45
4Ian MitchellLassi Thomson122104%2:19
Power Play Forward
Line #Left WingCenterRight WingPHYDFOFWanted %Time %Time Play
1Egor SokolovJakub LaukoBuddy Robinson12260100%0:42
2Luke ToporowskiAnthony RichardFabian Lysell122400%0:00
Power Play Defense
Line #DefenseDefensePHYDFOFWanted %Time %Time Play
1Ian MitchellJakub Zboril12260100%0:42
2Dan RenoufParker Wotherspoon122400%0:00
Penalty Kill 4 Players Forward
Line #CenterWingPHYDFOFWanted %Time %Time Play
1Jakub LaukoEgor Sokolov1226093%4:55
2Anthony RichardLuke Toporowski122407%0:23
Penalty Kill 4 Players Defense
Line #DefenseDefensePHYDFOFWanted %Time %Time Play
1Ian MitchellLassi Thomson1226063%3:21
2Dan RenoufParker Wotherspoon1224037%1:57
Penalty Kill 3 Players
Line #WingPHYDFOFWanted %Time %Time PlayDefenseDefensePHYDFOFWanted %Time %Time Play
1Jakub Lauko122600%0:00 Ian MitchellLassi Thomson122600%0:00
2Anthony Richard122400%0:00 Dan RenoufParker Wotherspoon122400%0:00
4 vs 4 Forward
Line #CenterWingPHYDFOFWanted %Time %Time Play
1Jakub LaukoEgor Sokolov122600%0:00
2Anthony RichardLuke Toporowski122400%0:00
4 vs 4 Defense
Line #DefensePHYDFOFWanted %Time %Time Play
1Ian MitchellLassi Thomson122600%0:00
2Dan RenoufParker Wotherspoon122400%0:00
Last Minutes Offensive
Left WingCenterRight WingDefenseDefense
Egor SokolovJakub LaukoBuddy RobinsonIan MitchellLassi Thomson
Last Minutes Defensive
Left WingCenterRight WingDefenseDefense
Egor SokolovJakub LaukoBuddy RobinsonIan MitchellLassi Thomson
Time
Total ForwardTotal DefenseLast Minutes OffensiveLast Minutes Defensive
60:00 60:00 0:000:00
Extra Forwards
Normal PowerPlayPenalty Kill
Jayson Megna, Oskar Steen, Marc McLaughlinJayson Megna, Oskar SteenJayson Megna
Extra Defensemen
Normal PowerPlayPenalty Kill
Parker Wotherspoon, Lassi Thomson, Reilly WalshParker Wotherspoon, Parker WotherspoonLassi Thomson
Penalty Shots
Buddy Robinson, Jakub Lauko, Anthony Richard, Egor Sokolov, Jayson Megna
Goalie
Brandon Bussi, Michael DiPietro
Custom OT Lines Forwards
Buddy Robinson, Jakub Lauko, Anthony Richard, Egor Sokolov, Jayson Megna, Oskar Steen, Marc McLaughlin, John Beecher, Fabian Lysell, Luke Toporowski
Custom OT Lines Defensemen
Ian Mitchell, Jakub Zboril, Brett Harrison, Parker Wotherspoon, Lassi Thomson
Scratches
Frederic Brunet (Healthy), Michael Callahan (Healthy), Arvid Holm (Exhaustion), Kyle Keyser (Healthy)


Play-by-Play

1st period


0:01 of 1st period - Jakub Lauko wins face-off versus Aleksi Heponiemi in neutral zone.
0:54 of 1st period - Snap shot by Rocco Grimaldi.
0:54 of 1st period - Shot Misses the Net.
1:18 of 1st period - Slapshot by Matt Kiersted.
1:18 of 1st period - Stopped by Brandon Bussi without a rebound.
1:19 of 1st period - Zac Dalpe wins face-off versus Jakub Lauko in Providence Bruins zone.
1:22 of 1st period - Backhand shot by Zac Dalpe.
1:22 of 1st period - Shot Misses the Net.
1:34 of 1st period - Snap shot by Zac Dalpe.
1:34 of 1st period - Shot Misses the Net.
1:44 of 1st period - Lassi Thomson is hit by Jonah Gadjovich and loses puck.
2:27 of 1st period - Snap shot by Oskar Steen.
2:27 of 1st period - Shot Misses the Net.
2:29 of 1st period - Snap shot by John Beecher.
2:29 of 1st period - Stopped by Spencer Knight with a rebound.
3:15 of 1st period - Jonah Gadjovich is hit by Anthony Richard and loses puck.
3:30 of 1st period - Slapshot by Riley Barber.
3:30 of 1st period - Shot Misses the Net.
3:55 of 1st period - Icing by Lassi Thomson.
3:56 of 1st period - Oskar Steen wins face-off versus Aleksi Heponiemi in Providence Bruins zone.
4:03 of 1st period - Wrist shot by Oskar Steen.
4:03 of 1st period - Stopped by Spencer Knight without a rebound.
4:04 of 1st period - Aleksi Heponiemi wins face-off versus Jakub Lauko in Charlotte Checkers zone.
5:10 of 1st period - Austin Strand is hit by Buddy Robinson.
5:47 of 1st period - Alexander True is hit by Lassi Thomson and loses puck.
5:56 of 1st period - Wrist shot by Anthony Richard.
5:56 of 1st period - Shot Misses the Net.
6:41 of 1st period - Wrist shot by Oskar Steen.
6:41 of 1st period - Shot Misses the Net.
7:03 of 1st period - Casey Fitzgerald is hit by Lassi Thomson and loses puck.
7:27 of 1st period - Wrist shot by Jakub Lauko.
7:27 of 1st period - Stopped by Spencer Knight with a rebound.
7:33 of 1st period - Snap shot by Rocco Grimaldi.
7:33 of 1st period - Shot Blocked by Lassi Thomson.
7:35 of 1st period - Snap shot by Rocco Grimaldi.
7:35 of 1st period - Stopped by Brandon Bussi with a rebound.
7:43 of 1st period - Snap shot by Rocco Grimaldi.
7:43 of 1st period - Shot Misses the Net.
7:51 of 1st period - Snap shot by Rocco Grimaldi.
7:51 of 1st period - Shot Blocked by Lassi Thomson.
7:53 of 1st period - Wrist shot by Alexander True.
7:53 of 1st period - Shot Misses the Net.
7:55 of 1st period - Slapshot by Casey Fitzgerald.
7:55 of 1st period - Stopped by Brandon Bussi without a rebound.
7:56 of 1st period - Anthony Richard wins face-off versus Zac Dalpe in Providence Bruins zone.
9:16 of 1st period - Icing by Zac Dalpe.
9:17 of 1st period - Anthony Richard wins face-off versus Joseph Cramarossa in Charlotte Checkers zone.
10:04 of 1st period - Austin Strand is hit by Marc McLaughlin and loses puck.
11:00 of 1st period - Snap shot by Jakub Lauko.
11:00 of 1st period - Stopped by Spencer Knight without a rebound.
11:01 of 1st period - Jakub Lauko wins face-off versus Alexander True in Charlotte Checkers zone.
11:50 of 1st period - Snap shot by Zac Dalpe.
11:50 of 1st period - Stopped by Brandon Bussi with a rebound.
11:52 of 1st period - Slapshot by William Lockwood.
11:52 of 1st period - Shot Misses the Net.
12:02 of 1st period - Ian Mitchell is hit by Casey Fitzgerald.
12:16 of 1st period - Slapshot by Lucas Carlsson.
12:16 of 1st period - Stopped by Brandon Bussi with a rebound.
12:20 of 1st period - Wrist shot by Rocco Grimaldi.
12:20 of 1st period - Shot Misses the Net.
12:44 of 1st period - Slapshot by Jakub Lauko.
12:44 of 1st period - Stopped by Spencer Knight with a rebound.
13:46 of 1st period - Alexander True is hit by Buddy Robinson and loses puck.
13:58 of 1st period - Wrist shot by Rocco Grimaldi.
13:58 of 1st period - Stopped by Brandon Bussi without a rebound.
13:59 of 1st period - Anthony Richard wins face-off versus Aleksi Heponiemi in Providence Bruins zone.
14:49 of 1st period - Backhand shot by Egor Sokolov.
14:49 of 1st period - Shot Misses the Net.
15:21 of 1st period - Aleksi Heponiemi is hit by Anthony Richard and loses puck.
16:06 of 1st period - Snap shot by Oskar Steen.
16:06 of 1st period - Stopped by Spencer Knight with a rebound.
16:08 of 1st period - Slapshot by Parker Wotherspoon.
16:08 of 1st period - Stopped by Spencer Knight with a rebound.
16:10 of 1st period - Snap shot by Oskar Steen.
16:10 of 1st period - Stopped by Spencer Knight with a rebound.
16:12 of 1st period - Slapshot by Oskar Steen.
16:12 of 1st period - Shot Misses the Net.
16:14 of 1st period - Slapshot by Dan Renouf.
16:14 of 1st period - Shot Misses the Net.
16:24 of 1st period - Logan Hutsko is hit by Anthony Richard and loses puck.
16:29 of 1st period - Wrist shot by Anthony Richard.
16:29 of 1st period - Stopped by Spencer Knight with a rebound.
16:31 of 1st period - Slapshot by Jakub Zboril.
16:31 of 1st period - Deflect By Anthony Richard.
16:31 of 1st period - Shot Misses the Net.
16:31 of 1st period - Puck is out of play.
16:32 of 1st period - Zac Dalpe wins face-off versus Jakub Lauko in Charlotte Checkers zone.
16:47 of 1st period - Snap shot by Joseph Cramarossa.
16:47 of 1st period - Shot Misses the Net.
17:05 of 1st period - Snap shot by Anthony Richard.
17:05 of 1st period - Deflect By Fabian Lysell.
17:05 of 1st period - Stopped by Spencer Knight with a rebound.
17:07 of 1st period - Slapshot by Jakub Zboril.
17:07 of 1st period - Stopped by Spencer Knight without a rebound.
17:08 of 1st period - Anthony Richard wins face-off versus Aleksi Heponiemi in Charlotte Checkers zone.
17:27 of 1st period - Jonah Gadjovich is hit by Anthony Richard and loses puck.
17:40 of 1st period - Snap shot by Aleksi Heponiemi.
17:40 of 1st period - Shot Misses the Net.
17:42 of 1st period - Backhand shot by Jonah Gadjovich.
17:42 of 1st period - Goal by Jonah Gadjovich - Charlotte Checkers : 1 - Providence Bruins : 0.
17:43 of 1st period - Zac Dalpe wins face-off versus Buddy Robinson in neutral zone.
18:20 of 1st period - Snap shot by Aleksi Heponiemi.
18:20 of 1st period - Stopped by Brandon Bussi without a rebound.
18:21 of 1st period - Aleksi Heponiemi wins face-off versus Egor Sokolov in Providence Bruins zone.
18:32 of 1st period - Wrist shot by Jonah Gadjovich.
18:32 of 1st period - Shot Misses the Net.
Goals for this period are 1 for Charlotte Checkers vs 0 for Providence Bruins.
Shots for this period are 8 for Charlotte Checkers vs 11 for Providence Bruins.

2nd period


0:01 of 2nd period - Aleksi Heponiemi wins face-off versus Jakub Lauko in neutral zone.
0:04 of 2nd period - Ian Mitchell is hit by Jonah Gadjovich and loses puck.
0:09 of 2nd period - Wrist shot by Aleksi Heponiemi.
0:09 of 2nd period - Stopped by Brandon Bussi without a rebound.
0:10 of 2nd period - Aleksi Heponiemi wins face-off versus Jakub Lauko in Providence Bruins zone.
0:11 of 2nd period - Wrist shot by Jonah Gadjovich.
0:11 of 2nd period - Shot Blocked by Ian Mitchell.
0:13 of 2nd period - Slapshot by Casey Fitzgerald.
0:13 of 2nd period - Deflect By Jonah Gadjovich.
0:13 of 2nd period - Stopped by Brandon Bussi without a rebound.
0:14 of 2nd period - Jonah Gadjovich wins face-off versus Jakub Lauko in Providence Bruins zone.
0:29 of 2nd period - Wrist shot by Egor Sokolov.
0:29 of 2nd period - Shot Misses the Net.
0:48 of 2nd period - Backhand shot by Anthony Richard.
0:48 of 2nd period - Deflect By Zac Dalpe.
0:48 of 2nd period - Stopped by Spencer Knight without a rebound.
0:49 of 2nd period - Jonah Gadjovich wins face-off versus Jakub Lauko in Charlotte Checkers zone.
1:16 of 2nd period - Marc McLaughlin is hit by Lucas Carlsson and loses puck.
1:21 of 2nd period - Wrist shot by Joseph Cramarossa.
1:21 of 2nd period - Stopped by Brandon Bussi without a rebound.
1:22 of 2nd period - Aleksi Heponiemi wins face-off versus Anthony Richard in Providence Bruins zone.
1:23 of 2nd period - Snap shot by Jonah Gadjovich.
1:23 of 2nd period - Shot Blocked by Jakub Zboril.
1:53 of 2nd period - Snap shot by Zac Dalpe.
1:53 of 2nd period - Deflect By Joseph Cramarossa.
1:53 of 2nd period - Stopped by Brandon Bussi without a rebound.
1:54 of 2nd period - Zac Dalpe wins face-off versus Jakub Lauko in Providence Bruins zone.
2:19 of 2nd period - Buddy Robinson is hit by Lucas Carlsson.
2:35 of 2nd period - Snap shot by Egor Sokolov.
2:35 of 2nd period - Stopped by Spencer Knight with a rebound.
2:37 of 2nd period - Wrist shot by Egor Sokolov.
2:37 of 2nd period - Shot Hit the Post.
2:39 of 2nd period - Slapshot by Lassi Thomson.
2:39 of 2nd period - Stopped by Spencer Knight with a rebound.
2:41 of 2nd period - Snap shot by Jakub Lauko.
2:41 of 2nd period - Shot Misses the Net.
2:43 of 2nd period - Snap shot by Buddy Robinson.
2:43 of 2nd period - Stopped by Spencer Knight with a rebound.
2:45 of 2nd period - Wrist shot by Ian Mitchell.
2:45 of 2nd period - Stopped by Spencer Knight with a rebound.
2:47 of 2nd period - Slapshot by Jakub Zboril.
2:47 of 2nd period - Shot Blocked by William Lockwood.
2:55 of 2nd period - Snap shot by Egor Sokolov.
2:55 of 2nd period - Stopped by Spencer Knight without a rebound.
2:56 of 2nd period - Anthony Richard wins face-off versus Aleksi Heponiemi in Charlotte Checkers zone.
2:59 of 2nd period - Snap shot by Fabian Lysell.
2:59 of 2nd period - Shot Misses the Net.
3:39 of 2nd period - Icing by Marc McLaughlin.
3:40 of 2nd period - Brett Harrison wins face-off versus Logan Hutsko in Providence Bruins zone.
3:40 of 2nd period - Brett Harrison is hit by Austin Strand.
3:48 of 2nd period - Snap shot by Jonah Gadjovich.
3:48 of 2nd period - Shot Blocked by Lassi Thomson.
3:50 of 2nd period - Snap shot by Jonah Gadjovich.
3:50 of 2nd period - Shot Misses the Net.
3:52 of 2nd period - Slapshot by Logan Hutsko.
3:52 of 2nd period - Stopped by Brandon Bussi without a rebound.
3:53 of 2nd period - William Lockwood wins face-off versus Jakub Lauko in Providence Bruins zone.
3:56 of 2nd period - Wrist shot by William Lockwood.
3:56 of 2nd period - Shot Blocked by Jakub Zboril.
4:00 of 2nd period - Snap shot by William Lockwood.
4:00 of 2nd period - Stopped by Brandon Bussi without a rebound.
4:01 of 2nd period - Zac Dalpe wins face-off versus Jakub Lauko in Providence Bruins zone.
4:08 of 2nd period - Slapshot by William Lockwood.
4:08 of 2nd period - Stopped by Brandon Bussi with a rebound.
4:10 of 2nd period - Backhand shot by Joseph Cramarossa.
4:10 of 2nd period - Stopped by Brandon Bussi with a rebound.
4:36 of 2nd period - Casey Fitzgerald is hit by Luke Toporowski and loses puck.
4:47 of 2nd period - Minor Penalty to Fabian Lysell for Tripping.
4:48 of 2nd period - Jakub Lauko wins face-off versus Jonah Gadjovich in Providence Bruins zone.
5:52 of 2nd period - Slapshot by Ian Mitchell.
5:52 of 2nd period - Deflect By Luke Toporowski.
5:52 of 2nd period - Shot Misses the Net.
5:52 of 2nd period - Puck is out of play.
5:53 of 2nd period - Jonah Gadjovich wins face-off versus Jayson Megna in Charlotte Checkers zone.
6:28 of 2nd period - Wrist shot by Joseph Cramarossa.
6:28 of 2nd period - Stopped by Brandon Bussi with a rebound.
6:35 of 2nd period - Icing by Jonah Gadjovich.
6:36 of 2nd period - Jayson Megna wins face-off versus Jonah Gadjovich in Charlotte Checkers zone.
6:47 of 2nd period - Penalty to Fabian Lysell is over, Fabian Lysell is back on ice.
7:06 of 2nd period - Icing by Frederic Allard.
7:07 of 2nd period - Jayson Megna wins face-off versus Riley Barber in Charlotte Checkers zone.
7:12 of 2nd period - Backhand shot by Jayson Megna.
7:12 of 2nd period - Stopped by Spencer Knight with a rebound.
7:28 of 2nd period - Wrist shot by Rocco Grimaldi.
7:28 of 2nd period - Shot Blocked by Marc McLaughlin.
7:42 of 2nd period - Snap shot by Rocco Grimaldi.
7:42 of 2nd period - Shot Hit the Post.
7:44 of 2nd period - Slapshot by Lucas Carlsson.
7:44 of 2nd period - Stopped by Brandon Bussi with a rebound.
7:46 of 2nd period - Snap shot by Lucas Carlsson.
7:46 of 2nd period - Shot Blocked by Jakub Zboril.
7:48 of 2nd period - Snap shot by Riley Barber.
7:48 of 2nd period - Shot Misses the Net.
7:50 of 2nd period - Slapshot by Lucas Carlsson.
7:50 of 2nd period - Stopped by Brandon Bussi without a rebound.
7:51 of 2nd period - Jakub Lauko wins face-off versus Aleksi Heponiemi in Providence Bruins zone.
8:43 of 2nd period - Matt Kiersted is hit by John Beecher and loses puck.
9:08 of 2nd period - Lassi Thomson is hit by Riley Barber and loses puck.
9:49 of 2nd period - Lassi Thomson is hit by Patrick Giles and loses puck.
9:56 of 2nd period - Egor Sokolov is hit by Jonah Gadjovich and loses puck.
10:21 of 2nd period - Wrist shot by Aleksi Heponiemi.
10:21 of 2nd period - Stopped by Brandon Bussi with a rebound.
10:23 of 2nd period - Wrist shot by Aleksi Heponiemi.
10:23 of 2nd period - Stopped by Brandon Bussi without a rebound.
10:24 of 2nd period - Anthony Richard wins face-off versus Aleksi Heponiemi in Providence Bruins zone.
10:29 of 2nd period - Wrist shot by Luke Toporowski.
10:29 of 2nd period - Stopped by Spencer Knight without a rebound.
10:30 of 2nd period - Anthony Richard wins face-off versus Zac Dalpe in Charlotte Checkers zone.
10:35 of 2nd period - Snap shot by Fabian Lysell.
10:35 of 2nd period - Shot Blocked by Joseph Cramarossa.
10:37 of 2nd period - Snap shot by Luke Toporowski.
10:37 of 2nd period - Shot Misses the Net.
10:39 of 2nd period - Wrist shot by Anthony Richard.
10:39 of 2nd period - Shot Misses the Net.
10:41 of 2nd period - Slapshot by Fabian Lysell.
10:41 of 2nd period - Stopped by Spencer Knight with a rebound.
10:45 of 2nd period - Wrist shot by Anthony Richard.
10:45 of 2nd period - Goal by Anthony Richard - Charlotte Checkers : 1 - Providence Bruins : 1.
10:46 of 2nd period - Aleksi Heponiemi wins face-off versus Jakub Lauko in neutral zone.
12:18 of 2nd period - Slapshot by Jakub Lauko.
12:18 of 2nd period - Shot Blocked by Zac Dalpe.
12:20 of 2nd period - Snap shot by Egor Sokolov.
12:20 of 2nd period - Stopped by Spencer Knight with a rebound.
12:22 of 2nd period - Snap shot by Jakub Lauko.
12:22 of 2nd period - Shot Hit the Post.
13:07 of 2nd period - Wrist shot by Oskar Steen.
13:07 of 2nd period - Stopped by Spencer Knight with a rebound.
14:45 of 2nd period - Jonah Gadjovich is hit by Jakub Lauko.
15:28 of 2nd period - Snap shot by Jayson Megna.
15:28 of 2nd period - Stopped by Spencer Knight with a rebound.
15:30 of 2nd period - Slapshot by Ian Mitchell.
15:30 of 2nd period - Deflect By Jayson Megna.
15:30 of 2nd period - Stopped by Spencer Knight without a rebound.
15:31 of 2nd period - Jayson Megna wins face-off versus Zac Dalpe in Charlotte Checkers zone.
15:41 of 2nd period - Minor Penalty to Joseph Cramarossa for Tripping.
15:42 of 2nd period - Jakub Lauko wins face-off versus Jonah Gadjovich in Charlotte Checkers zone.
15:50 of 2nd period - Snap shot by Jakub Lauko.
15:50 of 2nd period - Stopped by Spencer Knight without a rebound.
15:51 of 2nd period - Jonah Gadjovich wins face-off versus Jakub Lauko in Charlotte Checkers zone.
16:23 of 2nd period - Slapshot by Ian Mitchell.
16:23 of 2nd period - Goal by Ian Mitchell - Charlotte Checkers : 1 - Providence Bruins : 2.
16:24 of 2nd period - Aleksi Heponiemi wins face-off versus Anthony Richard in neutral zone.
17:00 of 2nd period - Slapshot by Ian Mitchell.
17:00 of 2nd period - Stopped by Spencer Knight without a rebound.
17:01 of 2nd period - Zac Dalpe wins face-off versus Jayson Megna in Charlotte Checkers zone.
17:12 of 2nd period - Snap shot by Marc McLaughlin.
17:12 of 2nd period - Shot Misses the Net.
17:14 of 2nd period - Snap shot by Jayson Megna.
17:14 of 2nd period - Stopped by Spencer Knight with a rebound.
17:27 of 2nd period - Minor Penalty to Jakub Lauko for Cross-checking.
17:28 of 2nd period - Jayson Megna wins face-off versus Jonah Gadjovich in Providence Bruins zone.
17:38 of 2nd period - Off-side.
17:39 of 2nd period - Jonah Gadjovich wins face-off versus Jayson Megna in neutral zone.
19:27 of 2nd period - Penalty to Jakub Lauko is over, Jakub Lauko is back on ice.
19:35 of 2nd period - Snap shot by Jakub Lauko.
19:35 of 2nd period - Shot Misses the Net.
Goals for this period are 0 for Charlotte Checkers vs 2 for Providence Bruins.
Shots for this period are 13 for Charlotte Checkers vs 18 for Providence Bruins.

3rd period


0:01 of 3rd period - Jakub Lauko wins face-off versus Aleksi Heponiemi in neutral zone.
0:11 of 3rd period - Santtu Kinnunen is hit by Jakub Lauko.
1:09 of 3rd period - Wrist shot by Anthony Richard.
1:09 of 3rd period - Deflect By Matt Kiersted.
1:09 of 3rd period - Stopped by Spencer Knight with a rebound.
1:11 of 3rd period - Wrist shot by Parker Wotherspoon.
1:11 of 3rd period - Deflect By Anthony Richard.
1:11 of 3rd period - Shot Blocked by Rocco Grimaldi.
1:11 of 3rd period - Puck is out of play.
1:12 of 3rd period - Aleksi Heponiemi wins face-off versus Jakub Lauko in Charlotte Checkers zone.
1:17 of 3rd period - Jonah Gadjovich is hit by Buddy Robinson and loses puck.
1:26 of 3rd period - Wrist shot by Jakub Lauko.
1:26 of 3rd period - Stopped by Spencer Knight with a rebound.
1:44 of 3rd period - Off-side.
1:45 of 3rd period - Oskar Steen wins face-off versus Zac Dalpe in neutral zone.
2:01 of 3rd period - Snap shot by Zac Dalpe.
2:01 of 3rd period - Stopped by Brandon Bussi without a rebound.
2:02 of 3rd period - Jakub Lauko wins face-off versus Aleksi Heponiemi in Providence Bruins zone.
2:32 of 3rd period - Curtis Hall is hit by Joona Luoto and loses puck.
2:51 of 3rd period - Snap shot by Zac Dalpe.
2:51 of 3rd period - Shot Misses the Net.
2:53 of 3rd period - Snap shot by Austin Strand.
2:53 of 3rd period - Stopped by Brandon Bussi with a rebound.
2:55 of 3rd period - Snap shot by Joseph Cramarossa.
2:55 of 3rd period - Stopped by Brandon Bussi with a rebound.
2:57 of 3rd period - Snap shot by Joseph Cramarossa.
2:57 of 3rd period - Deflect By William Lockwood.
2:57 of 3rd period - Shot Hit the Post.
2:57 of 3rd period - Puck is out of play.
2:58 of 3rd period - Zac Dalpe wins face-off versus Jakub Lauko in Providence Bruins zone.
3:06 of 3rd period - Off-side.
3:07 of 3rd period - Jakub Lauko wins face-off versus Zac Dalpe in neutral zone.
3:22 of 3rd period - Snap shot by Jakub Lauko.
3:22 of 3rd period - Goal by Jakub Lauko - Charlotte Checkers : 1 - Providence Bruins : 3.
3:23 of 3rd period - Aleksi Heponiemi wins face-off versus Jakub Lauko in neutral zone.
4:09 of 3rd period - Marc McLaughlin is hit by Riley Barber and loses puck.
4:36 of 3rd period - Wrist shot by Parker Wotherspoon.
4:36 of 3rd period - Stopped by Spencer Knight without a rebound.
4:37 of 3rd period - Aleksi Heponiemi wins face-off versus Oskar Steen in Charlotte Checkers zone.
4:48 of 3rd period - Slapshot by Ian Mitchell.
4:48 of 3rd period - Shot Blocked by Joona Luoto.
5:12 of 3rd period - Slapshot by Buddy Robinson.
5:12 of 3rd period - Shot Misses the Net.
5:14 of 3rd period - Slapshot by Jakub Zboril.
5:14 of 3rd period - Shot Misses the Net.
5:24 of 3rd period - Snap shot by Zac Dalpe.
5:24 of 3rd period - Shot Misses the Net.
5:26 of 3rd period - Slapshot by Casey Fitzgerald.
5:26 of 3rd period - Shot Misses the Net.
5:34 of 3rd period - Wrist shot by Riley Barber.
5:34 of 3rd period - Shot Misses the Net.
5:36 of 3rd period - Slapshot by Casey Fitzgerald.
5:36 of 3rd period - Deflect By Rocco Grimaldi.
5:36 of 3rd period - Stopped by Brandon Bussi without a rebound.
5:37 of 3rd period - Aleksi Heponiemi wins face-off versus Jakub Lauko in Providence Bruins zone.
5:38 of 3rd period - Slapshot by Jonah Gadjovich.
5:38 of 3rd period - Stopped by Brandon Bussi with a rebound.
5:40 of 3rd period - Slapshot by Frederic Allard.
5:40 of 3rd period - Stopped by Brandon Bussi with a rebound.
5:42 of 3rd period - Slapshot by Jonah Gadjovich.
5:42 of 3rd period - Shot Misses the Net.
6:12 of 3rd period - Slapshot by Frederic Allard.
6:12 of 3rd period - Shot Misses the Net.
6:14 of 3rd period - Wrist shot by Aleksi Heponiemi.
6:14 of 3rd period - Stopped by Brandon Bussi without a rebound.
6:15 of 3rd period - Jakub Lauko wins face-off versus William Lockwood in Providence Bruins zone.
6:24 of 3rd period - Slapshot by Ian Mitchell.
6:24 of 3rd period - Stopped by Spencer Knight without a rebound.
6:25 of 3rd period - Zac Dalpe wins face-off versus Jakub Lauko in Charlotte Checkers zone.
6:38 of 3rd period - Slapshot by Matt Kiersted.
6:38 of 3rd period - Shot Blocked by Jakub Zboril.
6:50 of 3rd period - Snap shot by Jakub Lauko.
6:50 of 3rd period - Stopped by Spencer Knight without a rebound.
6:51 of 3rd period - Aleksi Heponiemi wins face-off versus Anthony Richard in Charlotte Checkers zone.
6:51 of 3rd period - Aleksi Heponiemi is hit by Anthony Richard.
7:17 of 3rd period - Marc McLaughlin is hit by Alexander True and loses puck.
7:40 of 3rd period - Slapshot by Jakub Lauko.
7:40 of 3rd period - Stopped by Spencer Knight with a rebound.
7:42 of 3rd period - Slapshot by Parker Wotherspoon.
7:42 of 3rd period - Stopped by Spencer Knight with a rebound.
7:44 of 3rd period - Slapshot by Parker Wotherspoon.
7:44 of 3rd period - Shot Blocked by Joseph Cramarossa.
7:46 of 3rd period - Snap shot by Parker Wotherspoon.
7:46 of 3rd period - Shot Misses the Net.
7:48 of 3rd period - Slapshot by Parker Wotherspoon.
7:48 of 3rd period - Shot Blocked by Zac Dalpe.
7:50 of 3rd period - Slapshot by Parker Wotherspoon.
7:50 of 3rd period - Shot Hit the Post.
8:20 of 3rd period - Casey Fitzgerald is hit by Anthony Richard and loses puck.
9:06 of 3rd period - Zac Dalpe is hit by Egor Sokolov and loses puck.
9:40 of 3rd period - Fabian Lysell is hit by Rocco Grimaldi and loses puck.
10:00 of 3rd period - Icing by Matt Kiersted.
10:01 of 3rd period - Zac Dalpe wins face-off versus Jakub Lauko in Charlotte Checkers zone.
10:23 of 3rd period - Snap shot by Egor Sokolov.
10:23 of 3rd period - Stopped by Spencer Knight with a rebound.
10:25 of 3rd period - Slapshot by Dan Renouf.
10:25 of 3rd period - Deflect By Buddy Robinson.
10:25 of 3rd period - Shot Blocked by Matt Kiersted.
10:25 of 3rd period - Puck is out of play.
10:26 of 3rd period - Jonah Gadjovich wins face-off versus Anthony Richard in Charlotte Checkers zone.
10:52 of 3rd period - Jayson Megna is hit by Lucas Carlsson and loses puck.
11:02 of 3rd period - Icing by Dan Renouf.
11:03 of 3rd period - Zac Dalpe wins face-off versus Marc McLaughlin in Providence Bruins zone.
11:18 of 3rd period - Marc McLaughlin is hit by Joseph Cramarossa.
11:50 of 3rd period - Wrist shot by Riley Barber.
11:50 of 3rd period - Stopped by Brandon Bussi without a rebound.
11:51 of 3rd period - Anthony Richard wins face-off versus Riley Barber in Providence Bruins zone.
11:56 of 3rd period - Slapshot by Ian Mitchell.
11:56 of 3rd period - Deflect By Anthony Richard.
11:56 of 3rd period - Stopped by Spencer Knight with a rebound.
12:07 of 3rd period - Snap shot by Rocco Grimaldi.
12:07 of 3rd period - Goal by Rocco Grimaldi - Charlotte Checkers : 2 - Providence Bruins : 3.
12:08 of 3rd period - Aleksi Heponiemi wins face-off versus Jakub Lauko in neutral zone.
12:11 of 3rd period - Backhand shot by Lucas Carlsson.
12:11 of 3rd period - Stopped by Brandon Bussi without a rebound.
12:12 of 3rd period - Jakub Lauko wins face-off versus Aleksi Heponiemi in Providence Bruins zone.
12:33 of 3rd period - Minor Penalty to Jakub Lauko for Tripping.
12:34 of 3rd period - Jayson Megna wins face-off versus Jonah Gadjovich in Providence Bruins zone.
12:41 of 3rd period - Snap shot by Jonah Gadjovich.
12:41 of 3rd period - Shot Blocked by Ian Mitchell.
12:43 of 3rd period - Slapshot by Austin Strand.
12:43 of 3rd period - Stopped by Brandon Bussi with a rebound.
12:45 of 3rd period - Snap shot by Austin Strand.
12:45 of 3rd period - Shot Blocked by Lassi Thomson.
12:47 of 3rd period - Slapshot by Austin Strand.
12:47 of 3rd period - Shot Misses the Net.
12:49 of 3rd period - Snap shot by Jonah Gadjovich.
12:49 of 3rd period - Stopped by Brandon Bussi with a rebound.
12:59 of 3rd period - Egor Sokolov is hit by Joseph Cramarossa and loses puck.
13:47 of 3rd period - Icing by Austin Strand.
13:48 of 3rd period - Aleksi Heponiemi wins face-off versus John Beecher in Charlotte Checkers zone.
13:53 of 3rd period - Snap shot by Austin Strand.
13:53 of 3rd period - Goal by Austin Strand - Charlotte Checkers : 3 - Providence Bruins : 3.
13:54 of 3rd period - Jakub Lauko wins face-off versus Aleksi Heponiemi in neutral zone.
14:19 of 3rd period - Lucas Carlsson is hit by Jakub Zboril and loses puck.
14:26 of 3rd period - Wrist shot by Jakub Lauko.
14:26 of 3rd period - Deflect By Lucas Carlsson.
14:26 of 3rd period - Shot Misses the Net.
14:26 of 3rd period - Puck is out of play.
14:27 of 3rd period - Anthony Richard wins face-off versus Zac Dalpe in Charlotte Checkers zone.
14:31 of 3rd period - Snap shot by Anthony Richard.
14:31 of 3rd period - Shot Misses the Net.
14:33 of 3rd period - Snap shot by Fabian Lysell.
14:33 of 3rd period - Shot Misses the Net.
14:35 of 3rd period - Backhand shot by Parker Wotherspoon.
14:35 of 3rd period - Stopped by Spencer Knight without a rebound.
14:36 of 3rd period - Anthony Richard wins face-off versus Zac Dalpe in Charlotte Checkers zone.
14:37 of 3rd period - Snap shot by Fabian Lysell.
14:37 of 3rd period - Shot Misses the Net.
14:39 of 3rd period - Wrist shot by Luke Toporowski.
14:39 of 3rd period - Shot Blocked by Santtu Kinnunen.
14:41 of 3rd period - Slapshot by Fabian Lysell.
14:41 of 3rd period - Stopped by Spencer Knight with a rebound.
14:49 of 3rd period - Snap shot by Fabian Lysell.
14:49 of 3rd period - Stopped by Spencer Knight with a rebound.
14:51 of 3rd period - Snap shot by Anthony Richard.
14:51 of 3rd period - Shot Blocked by Casey Fitzgerald.
14:55 of 3rd period - Slapshot by Anthony Richard.
14:55 of 3rd period - Shot Blocked by Zac Dalpe.
15:25 of 3rd period - Snap shot by William Lockwood.
15:25 of 3rd period - Shot Misses the Net.
15:40 of 3rd period - Snap shot by Anthony Richard.
15:40 of 3rd period - Shot Blocked by Santtu Kinnunen.
15:42 of 3rd period - Snap shot by Fabian Lysell.
15:42 of 3rd period - Stopped by Spencer Knight with a rebound.
15:44 of 3rd period - Snap shot by Luke Toporowski.
15:44 of 3rd period - Stopped by Spencer Knight without a rebound.
15:45 of 3rd period - Jayson Megna wins face-off versus Aleksi Heponiemi in Charlotte Checkers zone.
17:02 of 3rd period - Buddy Robinson is hit by Riley Barber and loses puck.
19:04 of 3rd period - Riley Barber is hit by Buddy Robinson and loses puck.
19:54 of 3rd period - Patrick Giles is hit by Marc McLaughlin and loses puck.
Goals for this period are 2 for Charlotte Checkers vs 1 for Providence Bruins.
Shots for this period are 13 for Charlotte Checkers vs 15 for Providence Bruins.

Overtime #1


0:01 of 1st overtime period - Jakub Lauko wins face-off versus Logan Hutsko in neutral zone.
1:24 of 1st overtime period - Off-side.
1:25 of 1st overtime period - Logan Hutsko wins face-off versus Jayson Megna in neutral zone.
1:34 of 1st overtime period - Wrist shot by Logan Hutsko.
1:34 of 1st overtime period - Shot Blocked by Ian Mitchell.
2:47 of 1st overtime period - Jakub Lauko is hit by William Lockwood and loses puck.
3:18 of 1st overtime period - Oskar Steen is hit by Joona Luoto and loses puck.
4:28 of 1st overtime period - John Beecher is hit by Patrick Giles.
4:33 of 1st overtime period - Slapshot by John Beecher.
4:33 of 1st overtime period - Shot Blocked by Joona Luoto.
4:35 of 1st overtime period - Slapshot by Ian Mitchell.
4:35 of 1st overtime period - Deflect By Jonah Gadjovich.
4:35 of 1st overtime period - Stopped by Spencer Knight without a rebound.
4:36 of 1st overtime period - Jakub Lauko wins face-off versus Joona Luoto in Charlotte Checkers zone.
4:47 of 1st overtime period - Slapshot by Jakub Lauko.
4:47 of 1st overtime period - Shot Blocked by Jonah Gadjovich.
4:49 of 1st overtime period - Slapshot by Jakub Zboril.
4:49 of 1st overtime period - Shot Blocked by Jonah Gadjovich.
4:58 of 1st overtime period - Icing by Joona Luoto.
4:59 of 1st overtime period - Logan Hutsko wins face-off versus Anthony Richard in Charlotte Checkers zone.
Goals for this period are 0 for Charlotte Checkers vs 0 for Providence Bruins.
Shots for this period are 0 for Charlotte Checkers vs 1 for Providence Bruins.

ShootOut


5:00 of 1st overtime period - Round #1.
5:00 of 1st overtime period - Charlotte Checkers, Logan Hutsko.
5:00 of 1st overtime period - Wrist shot by Logan Hutsko.
5:00 of 1st overtime period - Shot Misses the Net.
5:00 of 1st overtime period - Providence Bruins, Buddy Robinson.
5:00 of 1st overtime period - Backhand shot by Buddy Robinson.
5:00 of 1st overtime period - Stopped by Spencer Knight.
5:00 of 1st overtime period - Round #2.
5:00 of 1st overtime period - Charlotte Checkers, Jonah Gadjovich.
5:00 of 1st overtime period - Backhand shot by Jonah Gadjovich.
5:00 of 1st overtime period - Stopped by Brandon Bussi.
5:00 of 1st overtime period - Providence Bruins, Jakub Lauko.
5:00 of 1st overtime period - Wrist shot by Jakub Lauko.
5:00 of 1st overtime period - Stopped by Spencer Knight.
5:00 of 1st overtime period - Round #3.
5:00 of 1st overtime period - Charlotte Checkers, Zac Dalpe.
5:00 of 1st overtime period - Wrist shot by Zac Dalpe.
5:00 of 1st overtime period - Goal by Zac Dalpe.
5:00 of 1st overtime period - Providence Bruins, Anthony Richard.
5:00 of 1st overtime period - Deke by Anthony Richard.
5:00 of 1st overtime period - Shot Misses the Net.